 Dungeon Crawl Stone Soup version 0.22-a0-283-g1871b15 (webtiles) character file.

97474 CanOfBees the Brawler (level 16, 0/157 HPs)
             Began as a Ghoul Monk on Mar 19, 2018.
             Was the Champion of Okawaru.
             Killed from afar by a raiju (10 damage)
             ... with a living lightning
             ... on level 3 of the Abyss on Mar 20, 2018.
             The game lasted 01:17:40 (25628 turns).

CanOfBees the Brawler (Ghoul Monk)                 Turns: 25628, Time: 01:17:40

Health: 0/157      AC: 22    Str: 23      XL:     16   Next: 19%
Magic:  20/21      EV: 14    Int:  5 (6)  God:    Okawaru [******]
Gold:   1765       SH:  4    Dex: 11 (12) Spells: 15/15 levels left

rFire    . . .     SeeInvis .     - Unarmed
rCold    + + .     Gourm    .   (no shield)
rNeg     + + +     Faith    .   A - +3 chain mail {rN+}
rPois    ∞         Spirit   .   K - +2 helmet of Nuoseuck {+Inv}
rElec    .         Reflect  +   R - +2 cloak {MR+}
rCorr    .         Harm     .   (no gloves)
MR       ++...                  s - +0 pair of boots
Stlth    ..........             Z - +4 amulet of reflection
HPRegen  0.00/turn              F - +4 ring of evasion
MPRegen  0.17/turn              e - ring of the Octopus King {rC+ AC+1 EV+1 Str+1 Int+1 Dex+1}

@: about to teleport, heroism, rotting, constricted
A: rotting body, claws 1, carnivore, cold resistance 1, negative energy
resistance 3, inhibited regeneration, torment resistance, unbreathing
a: Heroism, Finesse, Renounce Religion, Evoke Invisibility


You were on level 3 of the Abyss.
You worshipped Okawaru.
Okawaru was exalted by your worship.
You were not hungry.

You visited 5 branches of the dungeon, and saw 25 of its levels.
You visited the Abyss 1 time.
You also visited: Sewer and Ice Cave.

You collected 2499 gold pieces.
You spent 734 gold pieces at shops.

Inventory:

Hand Weapons
 r - a +3 hunting sling
 V - a +4 hunting sling of velocity
Missiles
 h - 391 sling bullets
Armour
 s - a +0 pair of boots (worn)
 A - a +3 chain mail of positive energy (worn)
 K - the +2 helmet of Nuoseuck (worn) {+Inv}
   (Okawaru gifted it to you on level 6 of the Lair of Beasts)

   It lets you turn invisible.
 O - a scarf of resistance
 R - a +2 cloak of magic resistance (worn)
Jewellery
 e - a ring of the Octopus King (right claw) {rC+ AC+1 EV+1 Str+1 Int+1 Dex+1}
   (You found it on level 3 of the Lair of Beasts)

   [ring of protection from cold]

   It affects your AC (+1).
   It affects your evasion (+1).
   It affects your strength (+1).
   It affects your intelligence (+1).
   It affects your dexterity (+1).
   It protects you from cold.
 m - an uncursed amulet of guardian spirit
 C - an uncursed ring of protection from fire
 F - a +4 ring of evasion (left claw)
 J - an uncursed ring of resist corrosion
 L - an uncursed ring of stealth
 Z - a +4 amulet of reflection (around neck)
Wands
 c - a wand of polymorph (21)
 f - a wand of paralysis (13)
 k - a wand of acid (6)
 l - a wand of enslavement (12)
 B - a wand of disintegration (11)
 D - a wand of flame (79)
 M - a wand of digging (7)
Scrolls
 i - 5 scrolls of teleportation
 j - 8 scrolls of remove curse
 o - a scroll of vulnerability {unknown}
 u - a scroll of amnesia
 x - 6 scrolls of immolation
 z - 6 scrolls of magic mapping
 G - 2 scrolls of fear {unknown}
 S - 3 scrolls of summoning
 U - a scroll of silence {unknown}
Potions
 d - 2 potions of lignification {unknown}
 n - 2 potions of cancellation {unknown}
 p - 4 potions of haste
 q - 5 potions of curing
 t - a potion of invisibility
 v - 2 potions of might {unknown}
 E - a potion of berserk rage {unknown}
 H - 3 potions of magic {unknown}
 I - 7 potions of flight
 N - 3 potions of brilliance {unknown}
 P - a potion of resistance {unknown}
 Q - 2 potions of agility
 X - a potion of ambrosia
Comestibles
 b - 21 rations


   Skills:
 + Level 18.2(23.2) Fighting
 - Level 6.5(11.5) Slings
 - Level 3.0(8.0) Armour
 + Level 4.1(9.1) Dodging
 - Level 2.1(7.1) Stealth
 * Level 18.5(23.5) Unarmed Combat
 - Level 8.5 Invocations
 - Level 7.0 Evocations


You had 15 spell levels left.
You didn't know any spells.

Dungeon Overview and Level Annotations

Branches:
Dungeon (15/15)            Temple (1/1) D:5            Lair (6/6) D:10
 Shoals (1/4) Lair:2        Snake (0/4) Lair:4        Slime (0/5) Lair:5
    Orc (2/2) D:11            Elf (0/3) Orc:2        Vaults (0/5) D:14
 Depths (0/5) D:15

Altars:
Cheibriados
Dithmenos
Elyvilon
Fedhas
Gozag
Makhleb
Nemelex Xobeh
Okawaru
Ru
Uskayaw
Vehumet
Wu Jian
Yredelemnul
Zin
The Shining One
Beogh

Shops:
D:9 *   D:10 (   Orc:2 ([:*

Annotations:
Shoals:1 Louise


Innate Abilities, Weirdness & Mutations

Your body is rotting away.
You thrive on raw meat.
You are immune to poison.
You have sharp fingernails.
You are carnivorous and can eat meat at any time.
Your flesh is cold resistant. (rC+)
You are immune to negative energy. (rN+++)
You do not regenerate when monsters are visible.
You are immune to unholy pain and torment.
You can survive without breathing.


Message History

The living lightning hits the raiju.
The raiju completely resists.
The living lightning hits the raiju.
The raiju completely resists.
The living lightning hits you!
* * * LOW HITPOINT WARNING * * *
The raiju blinks! x4
Unknown command.
You claw the starspawn tentacle!
The starspawn tentacle is almost destroyed.
You are covered in liquid flames!
* * * LOW HITPOINT WARNING * * *
The raiju closely misses you. The starspawn tentacle constricts you.
Unknown command.
You escape the starspawn tentacle's grasp.
The starspawn tentacle barely misses you.
The raiju misses you. The starspawn tentacle grabs you.
The starspawn tentacle constricts you.
The raiju bursts into living lightning!
The living lightning hits the raiju.
The raiju completely resists.
The living lightning hits you!
You die...

.. .. #...##..≈.
...#.###.≈..#.≈.≈..
......#.≈≈.....≈.≈..
#..#.#.≈......≈. ...
........≈......≈ ≈ .
...#.#..≈Λ.##... .≈
. ......h3│Λ\..#
.### ...#.h.hX#│w.#
# ?.....##@.│..#
##.# ...... #.w...#
.. ..... .......#
..... ..........
(... .........#.
.............##
..........#
........)..#


You could see a tentacled starspawn, a smoke demon, 3 raiju and 2 starspawn
tentacles.

Vanquished Creatures
  Gastronok (D:8)
  Kirke (D:12)
  An orc warlord (Orc:2)
  The ghost of SleepCap the Peltast, a journeyman FoFi of Okawaru (Lair:6)
  A white draconian (IceCv)
  Snorg (Lair:5)
  2 fire dragons
  A yaktaur captain (D:15)
  2 ogre magi
  4 hydras
  3 vault guards (D:14)
  A centaur warrior (D:13)
  4 death yaks
  Erica (D:8)
  9 two-headed ogres
  A tengu warrior (D:15)
  3 hell hogs (Abyss:3)
  Urug (Lair:5)
  An orc high priest (Orc:2)
  2 fire crabs
  Nergalle (D:10)
  2 unseen horrors
  A shambling mangrove (Lair:3)
  3 wizards
  6 orc knights
  8 orc sorcerers (Orc:2)
  6 oklob plants
  10 ugly things
  2 cyclopes
  A deep elf mage (D:14)
  2 manticores
  6 black mambas
  2 naga magi (D:15)
  A guardian serpent (Lair:4)
  2 molten gargoyles (Lair:6)
  Joseph (D:7)
  An ice statue (IceCv)
  A centaur skeleton (D:13)
  8 elephants
  A torpor snail (Lair:6)
  12 spiny frogs
  4 rime drakes
  A yaktaur (D:14)
  4 gargoyles
  7 komodo dragons
  17 polar bears
  A merfolk (shapeshifter) (D:13)
  A wandering mushroom (Lair:3)
  3 trolls
  A wind drake (shapeshifter) (D:15)
  Prince Ribbit (D:8)
  4 hornets
  5 blink frogs
  3 raiju (Abyss:3)
  3 hippogriffs
  2 wraiths
  A shadow (D:14)
  A tarantella (shapeshifter) (D:13)
  54 yaks
  2 hogs (D:12)
  6 wyverns
  3 steam dragons
  Grum (Lair:1)
  7 basilisks
  2 vampire mosquitoes (D:13)
  A neqoxec (Abyss:3)
  4 wargs
  Menkaure (D:7)
  A soldier ant (D:10)
  An acid dragon (Orc:2)
  4 hell hounds (Lair:6)
  10 water moccasins
  Duvessa (D:7)
  27 orc warriors
  4 ice beasts
  9 porcupines
  5 sky beasts
  2 black bears
  3 phantoms
  17 ogres
  21 wolves
  A tengu (Lair:1)
  8 centaurs
  11 crocodiles
  4 big kobolds
  16 bullfrogs
  A wyvern zombie (D:11)
  Dowan (D:7)
  A water moccasin zombie (D:7)
  3 scorpions
  9 killer bees (D:9)
  A howler monkey (D:7)
  A centaur zombie (D:7)
  A bullfrog zombie (D:8)
  3 crimson imps
  A quasit (D:10)
  7 hounds
  4 lava snakes (Lair:6)
  10 orc priests
  6 jellies
  A bullfrog skeleton (D:7)
  2 gnoll shamans
  Ijyb (D:3)
  6 iguanas
  A small abomination (Abyss:3)
  21 orc wizards
  4 hell rats (Lair:4)
  16 worker ants
  A statue (D:7)
  3 hound skeletons
  A worker ant zombie (D:7)
  Robin (D:2)
  15 gnolls
  23 adders
  4 river rats
  5 shadow imps
  12 white imps (Lair:3)
  4 oozes
  7 worms
  A dart slug (D:1)
  5 leopard geckos
  58 orcs
  7 giant cockroaches
  14 goblins
  7 hobgoblins
  24 jackals
  25 kobolds
  3 quokkas
  2 ball pythons
  4 bats
  6 frilled lizards
  A giant cockroach zombie (D:5)
  2 quokka skeletons
  A quokka zombie (D:5)
  14 rats
  A spectral orc (D:6)
  2 bushes
  2 fungi
  A plant (Lair:4)
760 creatures vanquished.

Vanquished Creatures (others)
  A polar bear (IceCv)
  An ogre (D:12)
  A wolf (IceCv)
  A scorpion (D:13)
  An orc wizard (Orc:2)
  11 fungi
  6 plants
  4 starspawn tentacles (Abyss:3)
26 creatures vanquished.

Grand Total: 786 creatures vanquished

Notes
Turn   | Place    | Note
-------+----------+-------------------------------------------
     0 | D:1      | CanOfBees the Ghoul Monk began the quest for the Orb.
     0 | D:1      | Reached XP level 1. HP: 19/19 MP: 0/0
   138 | D:1      | Reached XP level 2. HP: 25/26 MP: 1/1
   517 | D:1      | Reached XP level 3. HP: 31/33 MP: 2/2
   945 | D:2      | Noticed Robin
   956 | D:2      | Killed Robin
   956 | D:2      | Reached XP level 4. HP: 25/40 MP: 3/3
  1600 | D:3      | Found a burning altar of Makhleb.
  1616 | D:3      | Reached XP level 5. HP: 37/47 MP: 4/4
  1721 | D:3      | Noticed Ijyb
  1748 | D:3      | Killed Ijyb
  1816 | D:3      | Reached skill level 5 in Unarmed Combat
  1897 | D:3      | Reached skill level 5 in Fighting
  2276 | D:4      | Noticed an ogre
  2283 | D:4      | Killed an ogre
  2283 | D:4      | Reached skill level 1 in Evocations
  2283 | D:4      | Reached XP level 6. HP: 18/56 MP: 5/5
  2694 | D:4      | Reached XP level 7. HP: 62/62 MP: 7/7
  2887 | D:4      | Found a snail-covered altar of Cheibriados.
  2887 | D:4      | Found a glowing silver altar of Zin.
  3464 | D:5      | Entered Level 5 of the Dungeon
  3503 | D:4      | Reached skill level 1 in Armour
  3531 | D:5      | Found a glowing golden altar of the Shining One.
  3655 | D:5      | Reached XP level 8. HP: 64/71 MP: 8/8
  3756 | D:5      | Found a staircase to the Ecumenical Temple.
  3766 | Temple   | Entered the Ecumenical Temple
  3784 | Temple   | Became a worshipper of Warmaster Okawaru
  3784 | Temple   | Reached * piety under Okawaru
  3784 | Temple   | Reached ** piety under Okawaru
  4293 | D:6      | Found a glowing drain.
  4323 | Sewer    | Entered a sewer
  4534 | Sewer    | Reached skill level 1 in Invocations
  4929 | D:6      | Found a basalt altar of Yredelemnul.
  5007 | D:6      | Reached XP level 9. HP: 81/81 MP: 7/9
  5018 | D:6      | Found a hide-covered altar of Uskayaw.
  5347 | D:7      | Noticed Menkaure
  5357 | D:7      | Killed Menkaure
  5357 | D:7      | Reached *** piety under Okawaru
  5578 | D:7      | Noticed Dowan
  5580 | D:7      | Noticed Duvessa
  5602 | D:7      | Killed Duvessa
  5624 | D:7      | Killed Dowan
  5706 | D:7      | Noticed Joseph
  5729 | D:7      | Killed Joseph
  5774 | D:7      | Found a radiant altar of Vehumet.
  6009 | D:7      | Reached **** piety under Okawaru
  6043 | D:7      | Reached skill level 10 in Unarmed Combat
  6043 | D:7      | Reached XP level 10. HP: 57/93 MP: 12/12
  6090 | D:7      | Reached skill level 10 in Fighting
  6828 | D:8      | Noticed Gastronok
  6977 | D:8      | Killed Gastronok
  6977 | D:8      | Reached skill level 5 in Invocations
  7181 | D:8      | Noticed Prince Ribbit
  7185 | D:8      | Killed Prince Ribbit
  7296 | D:8      | Noticed Erica
  7308 | D:8      | Killed Erica
  7308 | D:8      | Reached ***** piety under Okawaru
  7321 | D:8      | Reached XP level 11. HP: 63/102 MP: 12/14
  7499 | D:8      | Noticed a two-headed ogre
  7514 | D:8      | Killed a two-headed ogre
  7572 | D:8      | Noticed a two-headed ogre
  7583 | D:8      | Killed a two-headed ogre
  8429 | D:9      | Found Kunuar's Assorted Antiques.
  8433 | D:9      | Bought a scroll labeled CENKUKHARR for 37 gold pieces
  8433 | D:9      | Bought a murky yellow potion for 33 gold pieces
  8433 | D:9      | Bought a scroll labeled HUWUAS NAOM for 37 gold pieces
  8711 | D:10     | Entered Level 10 of the Dungeon
  8822 | D:10     | Received a gift from Okawaru
  8848 | D:10     | Found Gipuadd's Weapon Emporium.
  8856 | D:10     | Noticed Nergalle
  8871 | D:10     | Killed Nergalle
  8955 | D:10     | Received a gift from Okawaru
  8997 | D:10     | Got a pitted plate armour {god gift}
  8999 | D:10     | Identified the +1 plate armour of the Moon {-Cast rElec rPois Stlth+} (Okawaru gifted it to you on level 10 of the Dungeon)
  9098 | D:10     | Found a staircase to the Lair.
  9157 | D:10     | Killed an unseen horror
  9298 | Lair:1   | Entered Level 1 of the Lair of Beasts
  9323 | Lair:1   | Noticed Sonja
  9326 | Lair:1   | Noticed Sonja
  9326 | Lair:1   | Sonja changed into Sonja the tengu
  9328 | Lair:1   | Killed Sonja the tengu
  9440 | Lair:1   | Reached XP level 12. HP: 61/113 MP: 17/17
  9683 | Lair:1   | Noticed Grum
  9696 | Lair:1   | Killed Grum
  9792 | Lair:1   | Reached skill level 1 in Slings
 10581 | Lair:2   | Found a staircase to the Shoals.
 11055 | Lair:3   | Noticed a six-headed hydra
 11312 | Lair:3   | Killed a six-headed hydra
 11446 | Lair:3   | Received a gift from Okawaru
 11790 | Lair:3   | Found a frozen archway.
 11804 | IceCv    | Entered an ice cave
 11935 | IceCv    | Reached XP level 13. HP: 118/124 MP: 12/18
 12264 | IceCv    | Reached ****** piety under Okawaru
 12416 | IceCv    | Received a gift from Okawaru
 12565 | IceCv    | Noticed a white draconian
 12593 | IceCv    | Killed a white draconian
 12593 | IceCv    | Reached skill level 5 in Evocations
 12711 | IceCv    | Got a pitted copper ring
 12743 | IceCv    | Got a heavily runed lapis lazuli ring
 12758 | IceCv    | Identified the ring "Qeacones" {Ice rElec rN+ MR+ Str-4 Int+3} (You found it in an ice cave)
 12759 | IceCv    | Identified the ring of Monotheism {+Blink rC+ MR+ Int+2} (You found it in an ice cave)
 13152 | Lair:3   | Found the ring of the Octopus King
 13545 | Lair:3   | Received a gift from Okawaru
 13954 | Lair:3   | Got a ring of the Octopus King
 13981 | Lair:3   | Identified a ring of the Octopus King {rC+ AC+1 EV+1 Str+1 Int+1 Dex+1} (You found it on level 3 of the Lair of Beasts)
 14219 | Lair:4   | Found a staircase to the Snake Pit.
 14356 | Lair:4   | Reached skill level 15 in Unarmed Combat
 14436 | Lair:4   | Reached skill level 15 in Fighting
 14525 | Lair:4   | Received a gift from Okawaru
 14740 | Lair:4   | Reached skill level 5 in Slings
 15521 | Lair:5   | Noticed Urug
 15541 | Lair:5   | Killed Urug
 15541 | Lair:5   | Reached XP level 14. HP: 105/135 MP: 19/19
 15863 | Lair:5   | Noticed Snorg
 15878 | Lair:5   | Killed Snorg
 15925 | Lair:5   | Found a staircase to the Slime Pits.
 16285 | Lair:6   | Entered Level 6 of the Lair of Beasts
 16318 | Lair:6   | Noticed SleepCap's ghost (journeyman FoFi)
 16336 | Lair:6   | Killed SleepCap's ghost
 16897 | Lair:6   | Found a large runed door.
 16898 | Lair:6   | Found a large runed door.
 16950 | Lair:6   | Received a gift from Okawaru
 16964 | Lair:6   | Got a shimmering helmet {god gift}
 16985 | Lair:6   | Identified the +2 helmet of Nuoseuck {+Inv} (Okawaru gifted it to you on level 6 of the Lair of Beasts)
 19122 | D:11     | Found a staircase to the Orcish Mines.
 19138 | D:11     | Found a roughly hewn altar of Beogh.
 19714 | D:12     | You fall through a shaft!
 19867 | D:13     | Received a gift from Okawaru
 19875 | D:13     | Reached XP level 15. HP: 121/145 MP: 13/20
 20028 | D:13     | Received a gift from Okawaru
 20467 | D:12     | Noticed Kirke
 20479 | D:12     | Killed Kirke
 20820 | D:14     | Received a gift from Okawaru
 20908 | D:14     | Noticed Nessos
 21259 | D:14     | Noticed Nessos
 21259 | D:14     | Nessos changed into Nessos the fire crab
 21260 | D:14     | Killed Nessos the fire crab
 22076 | D:14     | Found a gate to the Vaults.
 22341 | D:15     | Entered Level 15 of the Dungeon
 23139 | D:15     | Received a gift from Okawaru
 23176 | D:15     | Found a staircase to the Depths.
 23381 | Orc:1    | Entered Level 1 of the Orcish Mines
 23382 | Orc:1    | Received a gift from Okawaru
 23904 | Orc:2    | Entered Level 2 of the Orcish Mines
 24096 | Orc:2    | Found Menk's Book Shoppe.
 24104 | Orc:2    | Found a staircase to the Elven Halls.
 24127 | Orc:2    | Received a gift from Okawaru
 24225 | Orc:2    | Noticed an orc warlord
 24272 | Orc:2    | Killed an orc warlord
 24272 | Orc:2    | Received a gift from Okawaru
 24316 | Orc:2    | Paralysed by an orc sorcerer for 6 turns
 24326 | Orc:2    | Paralysed by an orc sorcerer for 3 turns
 24331 | Orc:2    | Reached XP level 16. HP: 152/157 MP: 21/21
 24458 | Orc:2    | Found Zexaism's General Store.
 24537 | Orc:2    | Noticed Maurice
 24541 | Orc:2    | Noticed Maurice
 24541 | Orc:2    | Maurice changed into Maurice the acid dragon
 24545 | Orc:2    | Killed Maurice the acid dragon
 24994 | Orc:2    | Found Xoyjahou's Antique Weapon Shoppe.
 25063 | Orc:2    | Found Wodo's Antique Armour Emporium.
 25070 | Orc:2    | Bought a shimmering ring mail for 279 gold pieces
 25099 | Orc:2    | Bought a scroll of identify for 34 gold pieces
 25101 | Orc:2    | Bought a scroll of random uselessness for 17 gold pieces
 25101 | Orc:2    | Bought a potion of ambrosia for 136 gold pieces
 25101 | Orc:2    | Bought a scroll of summoning for 161 gold pieces
 25105 | Orc:2    | Identified the +1 ring mail of a labyrinth {rC++ Str+3} (You bought it in a shop on level 2 of the Orcish Mines)
 25498 | Shoals:1 | Entered Level 1 of the Shoals
 25517 | Shoals:1 | Noticed Louise
 25535 | Shoals:1 | Received a gift from Okawaru
 25541 | Shoals:1 | Cast into level 3 of the Abyss (Louise)
 25601 | Abyss:3  | Noticed a tentacled starspawn
 25628 | Abyss:3  | Killed from afar by a raiju

Vault maps used:
D:1:      dpeg_arrival_simpleton_b
D:2:      uniq_robin
D:3:      nicolae_overflow_crystal_walls, patterned_corridor, uniq_ijyb
D:4:      grunt_temple_overflow_open
D:5:      minmay_temple_entry_nine_rooms, basic_altar, first_ration
D:6:      kennysheep_little_box, yredelemnul_forgotten_temple_becter,
          lightli_sewer_entry_pipes, fountainhead, serial_bayou_pond_d,
          minivault_23
D:7:      cheibrodos_fzero, vehumet_statue, grunt_ogre_cave, uniq_menkaure,
          uniq_duvessa, uniq_joseph
D:8:      uniq_gastronok, uniq_prince_ribbit1, uniq_erica
D:9:      serial_shops, shop
D:10:     lair_entry_dummy, serial_shops, shop, uniq_nergalle
D:11:     minmay_orc_entry_temple_small
D:12:     uniq_kirke
D:13:     kennysheep_generic_room_11
D:14:     grunt_vaults_entry_fortified, minmay_misc_feat_alley, serial_glass,
          glass_columns_b, glass_columns_b, uniq_nessos
D:15:     grunt_enter_depths_magical_seal, minivault_20
Temple:   eino_temple_rhombus
Lair:1:   minmay_hedge_maze, uniq_grum, uniq_sonja
Lair:2:   minmay_shoals_entry_centaurs
Lair:3:   portal_ice_cave_entry_imps, st_stairs_8, grunt_forest_stairs_basic,
          grunt_megastairs_4, minmay_lair_oklob_chamber
Lair:4:   minmay_snake_entry_spellcaster, hibernation_bobbens
Lair:5:   minmay_slime_entry_oklob_enclosed, uniq_snorg, uniq_urug
Lair:6:   cheibrodos_lair_end_hotspot, minmay_lair_oklob_bushes, minivault_25,
          st_stairs_6
Shoals:1: cheibrodos_shoals_baths, uniq_louise, uniq_josephine
Orc:1:    nicolae_orc_accident_1
Orc:2:    grunt_orc_gardens, grunt_orc_garden, grunt_orc_garden,
          grunt_orc_garden, grunt_orc_garden, uniq_maurice
Abyss:3:  gammafunk_corrupted_shrine,
          evilmike_nicolae_abyss_rune_containment_curve
Sewer:    sewer_co_15_rooms
IceCv:    ice_cave_caverns_02

Skill      XL: |  1  2  3  4  5  6  7  8  9 10 11 12 13 14 15 16 |
---------------+-------------------------------------------------+-----
Dodging        | 3 4 |  4.1
Fighting       | 4 5 6 8 9 11 12 14 15 16 18 | 18.2
Unarmed Combat | 4 5 6 7 8 10 11 12 14 15 16 18 | 18.5
Evocations     | 1 2 4 5 7 |  7.0
Armour         | 1 3 |  3.0
Invocations    | 2 4 6 8 |  8.5
Slings         | 3 5 6 |  6.5
Stealth        | |  2.1

Action                   |  1- 3 |  4- 6 |  7- 9 | 10-12 | 13-15 | 16-18 || total
-------------------------+-------+-------+-------+-------+-------+-------++-------
Melee: Unarmed           |   123 |   123 |   515 |   664 |  1261 |   152 ||  2838
       Punch             |     2 |     3 |    17 |    43 |   115 |    12 ||   192
       Whip              |       |       |     7 |       |       |       ||     7
 Fire: Hunting sling     |       |     8 |    18 |     6 |   117 |       ||   149
Throw: Tomahawk          |       |       |       |     9 |       |       ||     9
Invok: Heroism           |       |       |     8 |    13 |    18 |     3 ||    42
       Finesse           |       |       |       |     5 |    12 |     1 ||    18
Evoke: Wand              |       |     3 |       |    13 |    12 |     6 ||    34
  Use: Scroll            |       |     1 |     9 |    11 |    21 |     7 ||    49
       Potion            |       |       |     1 |     5 |     7 |       ||    13
 Stab: Sleeping          |     1 |     1 |       |     2 |       |       ||     4
       Invisible         |       |       |       |       |     2 |       ||     2
  Eat: Chunk             |    17 |    27 |    80 |   192 |   394 |    31 ||   741
       Ration            |       |       |       |     4 |    10 |     1 ||    15
Armor: Ring mail         |    35 |    28 |    23 |       |       |       ||    86
       Scale mail        |       |       |   155 |   177 |   332 |       ||   664
       Chain mail        |       |       |       |       |     2 |    82 ||    84
Dodge: Dodged            |    75 |    69 |   357 |   495 |   631 |   106 ||  1733
Block: Other             |       |       |       |       |   114 |    26 ||   140
       Reflection        |       |       |       |       |     5 |       ||     5

Table legend:
 A = Spawn XP
 B = Non-spawn XP
 C = Spawn XP percentage of total XP
 D = Spawn monster count
 E = Non-spawn monster count
 F = Spawn count percentage of total count
 G = Total turns spent on level
                    A         B        C        D         E        F      G
               +---------+---------+-------+---------+---------+-------+---------
         Total |    3426 |  135823 |   2.5 |       8 |     749 |   1.1 | 25628
               +---------+---------+-------+---------+---------+-------+---------
           D:1 |       0 |      42 |   0.0 |       0 |      24 |   0.0 |   759
           D:2 |       0 |      60 |   0.0 |       0 |      21 |   0.0 |   805
           D:3 |       0 |     187 |   0.0 |       0 |      26 |   0.0 |   731
           D:4 |       0 |     692 |   0.0 |       0 |      37 |   0.0 |  1223
           D:5 |       0 |     381 |   0.0 |       0 |      14 |   0.0 |   665
           D:6 |       0 |     893 |   0.0 |       0 |      38 |   0.0 |   839
           D:7 |       0 |    2546 |   0.0 |       0 |      45 |   0.0 |  1416
           D:8 |       0 |    6307 |   0.0 |       0 |      27 |   0.0 |   902
           D:9 |       0 |    1276 |   0.0 |       0 |      25 |   0.0 |  1082
          D:10 |       0 |    3480 |   0.0 |       0 |      26 |   0.0 |   552
          D:11 |       0 |    1516 |   0.0 |       0 |      33 |   0.0 |   998
          D:12 |       0 |    6288 |   0.0 |       0 |      13 |   0.0 |   470
          D:13 |       0 |    5521 |   0.0 |       0 |      24 |   0.0 |  1424
          D:14 |       0 |   14786 |   0.0 |       0 |      32 |   0.0 |   950
          D:15 |       0 |   12461 |   0.0 |       0 |      33 |   0.0 |   978
        Temple |       0 |      48 |   0.0 |       0 |       1 |   0.0 |    29
        Lair:1 |       0 |    4527 |   0.0 |       0 |      21 |   0.0 |  1193
        Lair:2 |       0 |    4074 |   0.0 |       0 |      21 |   0.0 |  1122
        Lair:3 |       0 |    8288 |   0.0 |       0 |      38 |   0.0 |  1883
        Lair:4 |       0 |    6767 |   0.0 |       0 |      30 |   0.0 |  1018
        Lair:5 |       0 |    6467 |   0.0 |       0 |      17 |   0.0 |  1065
        Lair:6 |       0 |   20709 |   0.0 |       0 |      54 |   0.0 |  2138
      Shoals:1 |       0 |     737 |   0.0 |       0 |       2 |   0.0 |    43
         Orc:1 |       0 |    1893 |   0.0 |       0 |      17 |   0.0 |   685
         Orc:2 |       0 |   13296 |   0.0 |       0 |      60 |   0.0 |  1276
       Abyss:3 |    3426 |       0 | 100.0 |       8 |       0 | 100.0 |    87
         Sewer |       0 |     201 |   0.0 |       0 |      17 |   0.0 |   311
         IceCv |       0 |   12380 |   0.0 |       0 |      53 |   0.0 |   984
               +---------+---------+-------+---------+---------+-------+---------
